 Dungeon Crawl Stone Soup version 0.29-a0-364-g921d912d32 (webtiles) character file.

Game seed: 3508324861394439870

17603 enile the Carver (level 12, -4/97 HPs)
             Began as a Merfolk Gladiator on May 1, 2022.
             Was an Elder of Nemelex Xobeh.
             Slain by a demonic crawler simulacrum (6 damage)
             ... in an ice cave.
             The game lasted 00:25:30 (11134 turns).

enile the Carver (Merfolk Gladiator)               Turns: 11134, Time: 00:25:30

Health: -4/97      AC:  8    Str: 14    XL:     12   Next: 49%
Magic:  18/18      EV: 18    Int:  7    God:    Nemelex Xobeh [****..]
Gold:   805        SH:  6    Dex: 21    Spells: 11/11 levels left

rFire   + . .      SeeInvis .   Z - +2 scimitar (flame)
rCold   + . .      Faith    .   g - +0 buckler
rNeg    . . .      Spirit   .   A - +0 troll leather armour
rPois   .          Reflect  .   c - +0 helmet
rElec   .          Harm     .   j - scarf {rC+ rF+}
rCorr   .          Rampage  .   (no gloves)
Will    .....                   x - +2 pair of boots
Stlth   +++.......              t - amulet of regeneration
HPRegen 1.86/turn               (no ring)
MPRegen 0.16/turn               (no ring)

@: brilliant
A: (nimble swimmer 2), mertail
a: Renounce Religion, Draw Escape, Draw Destruction, Draw Summoning, Triple
Draw, Deal Four


You were in an ice cave.
You worshipped Nemelex Xobeh.
Nemelex Xobeh was greatly pleased with you.
You visited 1 branch of the dungeon, and saw 11 of its levels.
You also visited: Ice Cave.

You collected 805 gold pieces.

Inventory:

Hand Weapons
 a - a +0 long sword
 d - a +4 great sword
 h - a +1 dagger of venom
 n - a +2 hunting sling of freezing
 C - a +6 falchion of freezing
 E - a +1 falchion of electrocution
 L - the +5 scythe "Finisher" {speed, eviscerate}
   (You found it on level 10 of the Dungeon)

   Attacks with this weapon are significantly faster.
   It may eviscerate those it strikes, slaying them instantly, with a decreasing
   chance against stronger foes.
 R - the +8 hunting sling "Diacvem" {vorpal, rElec rCorr Dex+8}
   (You found it on level 8 of the Dungeon)

   Any ammunition fired from it inflicts extra damage upon your enemies.
   Dex:       It affects your dexterity (+8).
   rElec:     It insulates you from electricity.
   rCorr:     It protects you from acid and corrosion.
 W - a +5 great sword
 Z - a +2 scimitar of flaming (weapon)
Missiles
 K - a curare-tipped dart
 N - a javelin (quivered)
Armour
 b - a +0 leather armour
 c - a +0 helmet (worn)
 g - a +0 buckler (worn)
 j - a scarf of resistance (worn)
 q - the +5 scale mail of the First Xalams {SInv}
   (You found it on level 3 of the Dungeon)

   SInv:      It lets you see invisible.
 x - a +2 pair of boots (worn)
 A - a +0 troll leather armour (worn)
 D - a scarf of harm
Jewellery
 i - an amulet of magic regeneration
 t - an amulet of regeneration (around neck)
Wands
 l - a wand of digging (7)
 s - a wand of iceblast (11)
 O - a wand of mindburst (18)
 S - a wand of polymorph (11)
 U - a wand of flame (13)
 X - a wand of charming (6)
Scrolls
 f - 7 scrolls of teleportation
 k - 2 scrolls of vulnerability
 m - a scroll of torment
 o - 2 scrolls of fog
 p - a scroll of blinking
 u - a scroll of magic mapping
 y - 2 scrolls of immolation {unknown}
 I - a scroll of enchant armour {unknown}
 P - 2 scrolls of identify
 V - a scroll of fear {unknown}
 Y - a scroll of holy word {unknown}
Potions
 e - a potion of attraction {unknown}
 r - 2 potions of haste
 v - 3 potions of flight {unknown}
 w - 2 potions of berserk rage {unknown}
 z - a potion of cancellation {unknown}
 B - a potion of lignification {unknown}
 F - 2 potions of brilliance
 G - a potion of mutation {unknown}
 H - 2 potions of degeneration {unknown}
 J - 2 potions of heal wounds {unknown}
 M - a potion of resistance {unknown}
 Q - a potion of might {unknown}
 T - a potion of curing


   Skills:
 - Level 10.0 Fighting
 - Level 5.4(8.9) Short Blades
 + Level 10.9(11.4) Long Blades
 - Level 4.0 Throwing
 - Level 2.0 Armour
 - Level 10.0 Dodging
 - Level 6.0 Stealth
 - Level 3.0 Shields
 - Level 8.0 Invocations
 - Level 9.0 Evocations


You had 11 spell levels left.
You didn't know any spells.
Your spell library contained the following spells:

 Spells                   Type           Power      Damage    Failure   Level
 Foxfire                  Conj/Fire      0%         2x1d4     61%         1
 Corpse Rot               Necr/Air       0%         N/A       75%         2
 Poisonous Vapours        Pois/Air       0%         N/A       75%         2
 Confusing Touch          Hex            0%         N/A       93%         3
 Conjure Flame            Conj/Fire      0%         6-21      93%         3
 Inner Flame              Hex/Fire       0%         N/A       93%         3
 Flame Wave               Conj/Fire      0%         2d4       100%        4
 Yara's Violent Unravell  Hex/Tmut       0%         3d3       100%        5
 Enfeeble                 Hex            0%         N/A       100%        7
 Chain Lightning          Conj/Air       0%         N/A       100%        9
 Fire Storm               Conj/Fire      0%         5d1       100%        9
 Shatter                  Erth           0%         3d5*      100%        9


Dungeon Overview and Level Annotations

Branches:
Dungeon (11/15)            Temple (0/1) D:7           IceCv (1/1)
   Lair: D:8-11         Orc: D:9-12

Altars:
Dithmenos
Elyvilon
Nemelex Xobeh
Qazlal
Ru
Vehumet
Wu Jian
Yredelemnul

Shops:
D:9 (

Annotations:
D:7 2 transporters, IEatYoBabies's ghost, novice TrWr
D:9 1 runed translucent door IceCv exclusion: ice statue


Innate Abilities, Weirdness & Mutations

((You are very nimble when in or above water. (Stealth+, EV+, Speed+++)))
Your lower body shifts to a powerful aquatic tail in water.


Message History

A demonic crawler simulacrum is nearby!
You see here a sedimented dark potion.
You hit the demonic crawler simulacrum.
You melt the demonic crawler simulacrum.
The demonic crawler simulacrum is heavily damaged.
The demonic crawler simulacrum hits you!
The demonic crawler simulacrum freezes you!
You resist.
The demonic crawler simulacrum hits you.
* * * LOW HITPOINT WARNING * * *
The demonic crawler simulacrum freezes you!
You resist.
* * * LOW HITPOINT WARNING * * *
The demonic crawler simulacrum closely misses you.
You draw a card...
You have drawn Velocity.
The demonic crawler simulacrum seems to slow down.
The demonic crawler simulacrum hits you but does no damage.
You block the demonic crawler simulacrum's attack.
The demonic crawler simulacrum misses you.
Okay, then.
That's the wrong kind of item! (Use * to select it.) Evoke which item? (* to show all) (? for menu, Esc to quit)
Okay, then.
Aiming: Mindburst
Press: ? - help, Shift-Dir - straight line, f - demonic crawler simulacrum
Aim: a demonic crawler simulacrum (heavily damaged, slow, not susceptible)
Okay, then.
Okay, then.
Okay, then.
Okay, then.
It was a potion of brilliance.
You feel clever all of a sudden.
The demonic crawler simulacrum hits you!
* * * LOW HITPOINT WARNING * * *
The demonic crawler simulacrum freezes you!
You resist.
* * * LOW HITPOINT WARNING * * *
The demonic crawler simulacrum hits you.
You die...
Your body glows with a rainbow of weird colours and disappears.

##.####.##
..#..##...#
..#.....∩∩#
#..##..#..##...#
... ..##.####.##
###..##..#..#
### ##....
..##..#
....##..##.##
#...#@Z.#..#
#..##)[##..#
#..##.##..##
#..##.#...#
#...#....##
#.......##
#.......#
##......#
#.....##


You could see a demonic crawler simulacrum (slow).

Vanquished Creatures
  8 two-headed ogres
  A gargoyle (D:10)
  An efreet (D:10)
  4 slime creatures (IceCv)
  A hornet (D:8)
  Grinder (D:6)
  A shadow (D:10)
  Sigmund (D:3)
  3 wyverns (D:9)
  4 wraiths (D:10)
  16 yaks
  Menkaure (D:7)
  2 steam dragons
  2 water moccasins
  2 orc warriors (D:7)
  An ice beast (D:7)
  A sky beast (D:7)
  2 ugly thing simulacra (IceCv)
  3 black bears
  A boggart (D:9)
  4 ogres
  3 centaurs
  A phantom (D:4)
  2 kobold brigands (D:9)
  3 bullfrogs
  5 glowing shapeshifter simulacra (IceCv)
  A gnoll sergeant (D:6)
  4 scorpions
  12 wights
  4 killer bees (D:9)
  3 howler monkeys
  6 hounds
  3 jellies
  Crazy Yiuf (D:3)
  10 orc priests
  A gnoll shaman (D:8)
  4 iguanas
  Ijyb (D:3)
  3 orc wizards
  A troll simulacrum (D:11)
  Robin (D:4)
  11 gnolls
  7 adders
  A river rat (D:6)
  2 worms
  3 dart slugs
  21 orcs
  9 bats
  7 endoplasms
  4 giant cockroaches
  14 goblins
  13 hobgoblins
  10 jackals
  7 kobolds
  2 quokkas
  11 ball pythons
  4 frilled lizards
  10 rats
265 creatures vanquished.

Vanquished Creatures (collateral kills)
  A skeletal warrior (D:10)
  A komodo dragon (D:11)
  A troll (D:11)
  A slime creature (IceCv)
  A wraith (D:10)
  3 yaks (D:10)
  3 wolves
  An electric eel (D:11)
  5 hounds
  2 troll simulacra (D:11)
19 creatures vanquished.

Vanquished Creatures (others)
  Lodul (D:10)
  A slime creature (IceCv)
  A shadow (D:10)
  A demonic crawler simulacrum (IceCv)
  A sky beast (D:6)
  An orc wizard (D:7)
  An orc (D:6)
  An endoplasm (D:3)
  A jackal (D:6)
  A kobold (D:6)
  3 fungi (D:1)
  4 plants (D:1)
17 creatures vanquished.

Grand Total: 301 creatures vanquished

Notes
Turn   | Place    | Note
-------+----------+-------------------------------------------
     0 | D:1      | enile the Merfolk Gladiator began the quest for the Orb.
     0 | D:1      | Reached XP level 1. HP: 16/16 MP: 1/1
   168 | D:1      | Reached XP level 2. HP: 11/23 MP: 2/2
   485 | D:1      | Found a faded altar of an unknown god.
   512 | D:1      | Reached XP level 3. HP: 26/30 MP: 3/3
   870 | D:1      | Prayed at the altar of an unknown god.
   870 | D:1      | Became a worshipper of Elyvilon the Healer
   870 | D:1      | Reached * piety under Elyvilon
   903 | D:2      | Reached skill level 1 in Short Blades
   972 | D:2      | Reached XP level 4. HP: 31/37 MP: 4/4
  1755 | D:3      | Found a runed translucent door.
  1871 | D:3      | Noticed Sigmund
  1883 | D:3      | Killed Sigmund
  1884 | D:3      | Reached XP level 5. HP: 28/42 MP: 5/5
  1884 | D:3      | Reached XP level 6. HP: 32/48 MP: 6/6
  1996 | D:3      | Reached ** piety under Elyvilon
  2199 | D:3      | Identified the +5 scale mail of the First Xalams {SInv}
  2285 | D:3      | Found a sparkling altar of Nemelex Xobeh.
  2367 | D:3      | Noticed Ijyb
  2383 | D:3      | Killed Ijyb
  2555 | D:3      | Found a radiant altar of Vehumet.
  2762 | D:3      | Noticed Crazy Yiuf
  2991 | D:3      | Killed Crazy Yiuf
  3239 | D:4      | Reached skill level 5 in Short Blades
  3239 | D:4      | Reached XP level 7. HP: 54/54 MP: 7/7
  3308 | D:4      | Noticed Robin
  3345 | D:4      | Killed Robin
  3430 | D:3      | Fell from the grace of Elyvilon
  3430 | D:3      | Became a worshipper of Nemelex Xobeh the Trickster
  3461 | D:4      | Found an ornate altar of the Wu Jian Council.
  3671 | D:4      | Reached skill level 5 in Fighting
  3790 | D:4      | Reached skill level 1 in Evocations
  3811 | D:4      | Reached XP level 8. HP: 63/64 MP: 8/8
  4092 | D:5      | Entered Level 5 of the Dungeon
  4097 | D:5      | Reached skill level 1 in Stealth
  4128 | D:5      | Reached * piety under Nemelex Xobeh
  4162 | D:5      | Noticed a yak
  4163 | D:5      | Noticed a yak
  4170 | D:5      | Noticed a yak
  4201 | D:4      | Killed a yak
  4232 | D:5      | Found a stormy altar of Qazlal.
  4232 | D:5      | Found a basalt altar of Yredelemnul.
  4232 | D:5      | Found a shadowy altar of Dithmenos.
  4232 | D:5      | Found a sacrificial altar of Ru.
  4270 | D:4      | Killed a yak
  4271 | D:4      | Reached skill level 5 in Long Blades
  4279 | D:5      | Killed a yak
  4854 | D:6      | Received a gift from Nemelex Xobeh
  4869 | D:6      | Noticed a wyvern
  4869 | D:6      | Noticed Grinder
  4875 | D:6      | Reached XP level 9. HP: 71/71 MP: 9/9
  4903 | D:6      | Paralysed by Grinder for 6 turns
  4910 | D:6      | Killed Grinder
  5119 | D:6      | Reached skill level 1 in Invocations
  5644 | D:7      | Noticed a moth of wrath
  5644 | D:7      | Reached ** piety under Nemelex Xobeh
  5644 | D:7      | Found a transporter.
  5764 | D:7      | Noticed a hornet
  5910 | D:7      | Noticed IEatYoBabies's ghost (novice TrWr)
  5924 | D:7      | Found a transporter.
  6113 | D:7      | Reached skill level 5 in Invocations
  6121 | D:7      | Reached XP level 10. HP: 22/80 MP: 13/13
  6122 | D:7      | Reached skill level 1 in Shields
  6347 | D:7      | Received a gift from Nemelex Xobeh
  6435 | D:7      | You fall into a shaft and drop 2 floors!
  6440 | D:9      | Found Enloviy's Antique Weapon Shoppe.
  6949 | D:7      | Reached skill level 10 in Dodging
  7002 | D:7      | Noticed Menkaure
  7017 | D:7      | Killed Menkaure
  7086 | D:7      | Found a staircase to the Ecumenical Temple.
  7452 | D:8      | Reached skill level 5 in Stealth
  7671 | D:8      | Identified the +8 hunting sling "Diacvem" {vorpal, rElec
                  | rCorr Dex+8}
  7903 | D:8      | Reached *** piety under Nemelex Xobeh
  8359 | D:9      | Reached skill level 5 in Evocations
  8438 | D:9      | Reached XP level 11. HP: 74/86 MP: 14/14
  8453 | D:9      | Found a runed translucent door.
  8829 | D:9      | Noticed a seven-headed hydra
  8831 | D:9      | Noticed a tengu warrior
  8875 | D:10     | Entered Level 10 of the Dungeon
  8884 | D:10     | Noticed a two-headed ogre
  8884 | D:10     | Noticed a two-headed ogre
  8884 | D:10     | Noticed a two-headed ogre
  8884 | D:10     | Noticed a two-headed ogre
  8884 | D:10     | Noticed a two-headed ogre
  8884 | D:10     | Noticed a two-headed ogre
  8884 | D:10     | Noticed a two-headed ogre
  8899 | D:9      | Killed a two-headed ogre
  8960 | D:9      | Noticed a salamander
  8962 | D:9      | a salamander changed into an elephant
  9164 | D:10     | Found the +5 scythe "Finisher" {speed, eviscerate}
  9167 | D:10     | Noticed a skeletal warrior
  9471 | D:10     | Noticed a two-headed ogre
  9471 | D:10     | Noticed Lodul
  9478 | D:10     | Noticed a two-headed ogre
  9479 | D:10     | Your ally Lodul died
  9482 | D:10     | Killed a two-headed ogre
  9483 | D:10     | Killed a two-headed ogre
  9965 | D:10     | Killed a skeletal warrior
  9966 | D:10     | Reached skill level 10 in Fighting
  9988 | D:10     | Noticed a two-headed ogre
 10000 | D:10     | Killed a two-headed ogre
 10057 | D:10     | Received a gift from Nemelex Xobeh
 10066 | D:10     | Killed a two-headed ogre
 10066 | D:10     | Killed a two-headed ogre
 10067 | D:10     | Reached XP level 12. HP: 97/97 MP: 18/18
 10071 | D:10     | Reached **** piety under Nemelex Xobeh
 10084 | D:10     | Killed a two-headed ogre
 10110 | D:10     | Killed a two-headed ogre
 10727 | D:11     | Found a frozen archway.
 10779 | IceCv    | Entered an ice cave
 10811 | IceCv    | Reached skill level 10 in Long Blades
 11134 | IceCv    | HP: 2/97 [demonic crawler simulacrum (11)]
 11134 | IceCv    | Slain by a demonic crawler simulacrum

Illustrated notes

Levels and vault maps discovered:
D:1:      dpeg_arrival_rooms_c, layout_basic, dreamdust_ecumenical_altar_grove,
          minmay_small_reverse_x
D:2:      layout_rooms, kennysheep_generic_room_15
D:3:      layout_loops_corners, lemuel_doored_altar, nemelex_dance_club_becter,
          nicolae_figureground_pulse, uniq_sigmund, uniq_crazy_yiuf_cottage,
          uniq_ijyb
D:4:      layout_loops_ring, nicolae_wu_jian_immortal_techniques,
          nicolae_concentric_dashed_squares_mild, uniq_robin
D:5:      layout_cave_pools, chequers_temple_overflow_statue_of_worship,
          serial_bayou_pond_e
D:6:      layout_basic, grunt_potential, uniq_grinder
D:7:      layout_basic, minmay_temple_entry_trees,
          gammafunk_ghost_berserking_beasts, uniq_menkaure
D:8:      layout_gridville
D:9:      layout_loops_ring, serial_shops, shop, wad_hexagon
D:10:     layout_grid_maze, minmay_guarded_unrand_finisher, uniq_lodul
D:11:     layout_basic, erik_lair_island, portal_ice_cave_entry_ice_simulacra,
          minivault_15, serial_bayou_crossing
IceCv:    ice_cave_hellmonk_azure_passage

Skill      XL: |  1  2  3  4  5  6  7  8  9 10 11 12 |
---------------+-------------------------------------+-----
Fighting       | 3 4 6 8 10 | 10.0
Short Blades   | 2 3 5 |  5.4
Dodging        | 6 7 10 | 10.0
Evocations     | 2 3 6 8 9 |  9.0
Stealth        | 4 6 |  6.0
Long Blades    | 7 9 10 | 10.9
Invocations    | 5 8 |  8.0
Shields        | 3 |  3.0
Armour         | 2 |  2.0
Throwing       | 4 |  4.0

Action                   |  1- 3 |  4- 6 |  7- 9 | 10-12 || total
-------------------------+-------+-------+-------+-------++-------
Melee: Long sword        |    86 |       |       |       ||    86
       Punch             |     3 |     3 |     3 |       ||     9
       Dagger            |    25 |   175 |   128 |       ||   328
       Great sword       |       |       |    47 |       ||    47
       Falchion          |       |       |   128 |   224 ||   352
       Scimitar          |       |       |       |    79 ||    79
 Fire: Hunting sling     |       |     5 |       |    90 ||    95
Throw: Throwing net      |     2 |     2 |     1 |     2 ||     7
       Javelin           |       |       |     3 |     6 ||     9
       Dart              |       |       |     2 |     4 ||     6
Invok: Draw Destruction  |       |       |     5 |     3 ||     8
       Draw Escape       |       |       |     1 |     3 ||     4
       Draw Summoning    |       |       |     1 |     3 ||     4
Evoke: Wand              |       |       |     2 |    17 ||    19
  Use: Potion            |     1 |     1 |       |     2 ||     4
       Scroll            |       |       |     7 |     3 ||    10
 Stab: Held in net/web   |       |     2 |     1 |     2 ||     5
       Sleeping          |       |       |       |     4 ||     4
       Distracted        |       |       |       |     1 ||     1
Armor: Leather armour    |    47 |     9 |       |       ||    56
       Scale mail        |       |    33 |   156 |    72 ||   261
       Troll leather arm |       |       |       |     4 ||     4
Dodge: Dodged            |   124 |    92 |   206 |   205 ||   627
Block: Buckler           |       |       |     5 |    95 ||   100

Table legend: (Time is in decaauts)
 A = Elapsed time spent in this place.
 B = Non-inter-level travel time spent in this place.
 C = Inter-level travel time spent in this place.
 D = Time resting spent in this place.
 E = Time spent auto-exploring this place.
 F = Levels seen in this place.
 G = Mean time per level.
                   A        B        C        D        E       F      G
               +--------+--------+--------+--------+--------+-----+--------+
         Total |  11125 |  10453 |    672 |    986 |   7171 |  12 |  927.1 |
       Dungeon |  10775 |  10103 |    672 |    865 |   7124 |  11 |  979.5 |
      Ice Cave |    349 |    349 |      0 |    121 |     47 |   1 |  349.0 |
               +--------+--------+--------+--------+--------+-----+--------+

Top non-repeatable levels by time:
    D:10: 1579 daAuts
     D:3: 1525 daAuts
     D:9: 1215 daAuts
     D:6: 1141 daAuts
     D:8: 1006 daAuts
     D:7: 1000 daAuts
     D:1: 904 daAuts
     D:4: 901 daAuts
     D:2: 749 daAuts
     D:5: 615 daAuts
   IceCv: 349 daAuts
    D:11: 136 daAuts
